 Dungeon Crawl Stone Soup version 0.29-a0-668-g12ee2bf84d (webtiles) character file.

Game seed: 8772585535310131711

1250 wingedge the Gusty (level 8, -9/46 HPs)
             Began as a Tengu Air Elementalist on June 23, 2022.
             Was a Follower of Okawaru.
             Mangled by a two-headed ogre
             ... wielding a +0 giant club
              (15 damage)
             ... on level 6 of the Dungeon.
             The game lasted 00:26:20 (7322 turns).

wingedge the Gusty (Tengu Air Elementalist)         Turns: 7322, Time: 00:26:20

Health: -9/46      AC: 15    Str:  8    XL:     8   Next: 50%
Magic:  17/23      EV: 17    Int: 17    God:    Okawaru [*.....]
Gold:   285        SH:  0    Dex: 16    Spells: 8/14 levels left

rFire   + . .      SeeInvis +   y - +7 mace of Yqunox {drain, *Slow rF+ rC+++ SInv}
rCold   + + +      Faith    .   (no shield)
rNeg    . . .      Spirit   .   A - +3 ring mail {Will+}
rPois   +          Reflect  .   f - +2 hat
rElec   .          Harm     .   F - +3 cloak of the Marlin {Drain rPois SInv}
rCorr   .          Rampage  .   (no gloves)
Will    +....                   (boots unavailable)
Stlth   ++........              (no amulet)
HPRegen 0.15/turn               c - +4 ring of evasion
MPRegen 0.18/turn               z - ring of magical power

@: sluggish, about to teleport, flying quickly and evasively, very slow
A: beak, talons 3, nimble flight
a: Renounce Religion, Heroism


You were on level 6 of the Dungeon.
You worshipped Okawaru.
Okawaru was aware of your devotion.
You visited 2 branches of the dungeon, and saw 7 of its levels.

You collected 285 gold pieces.

Inventory:

Hand Weapons
 r - a +4 dire flail
 y - the +7 mace of Yqunox (weapon) {drain, *Slow rF+ rC+++ SInv}
   (You took it off an orc on level 3 of the Dungeon)

   A truly terrible weapon, it drains the life of any living foe it strikes.
   rF:        It protects you from fire.
   rC:        It renders you almost immune to cold.
   SInv:      It lets you see invisible.
   *Slow:     It may slow you when you take damage.
Armour
 a - a +0 robe
 f - a +2 hat (worn)
 h - a +0 leather armour
 A - a +3 ring mail of willpower (worn)
 F - the +3 cloak of the Marlin (worn) {Drain rPois SInv}
   (You found it on level 5 of the Dungeon)

   rPois:     It protects you from poison.
   SInv:      It lets you see invisible.
   Drain:     It drains your maximum health when unequipped.
Jewellery
 c - a +4 ring of evasion (left hand)
 z - a ring of magical power (right hand)
Wands
 v - a wand of flame (14)
Scrolls
 e - 2 scrolls of vulnerability
 g - 3 scrolls of teleportation
 j - 2 scrolls of poison {unknown}
 m - a scroll of fear {unknown}
 o - a scroll of magic mapping {unknown}
 q - a scroll of enchant weapon {unknown}
 t - 2 scrolls of amnesia
 u - a scroll of torment {unknown}
 w - a scroll of silence {unknown}
 x - a scroll of noise {unknown}
 C - a scroll of immolation {unknown}
 E - a scroll of blinking {unknown}
 G - a scroll of acquirement {unknown}
Potions
 b - 5 potions of magic
 d - a potion of degeneration
 i - a potion of attraction
 k - 2 potions of mutation {unknown}
 l - a potion of haste {unknown}
 p - 2 potions of ambrosia
 s - 2 potions of brilliance
 B - a potion of might
 D - 7 potions of curing {unknown}


   Skills:
 + Level 3.0 Fighting
 * Level 4.0 Maces & Flails
 * Level 4.2 Armour
 - Level 3.1 Dodging
 - Level 3.0 Stealth
 + Level 3.6 Spellcasting
 - Level 4.0 Conjurations
 * Level 7.2 Air Magic
 + Level 1.6 Invocations


You had 8 spell levels left.
You knew the following spells:

 Your Spells              Type           Power      Damage    Failure   Level
a - Shock                 Conj/Air       88%        1d8       4%          1
b - Static Discharge      Conj/Air       22%        N/A       7%          2
c - Swiftness             Air            27%        N/A       7%          3

Your spell library contained the following spells:

 Spells                   Type           Power      Damage    Failure   Level
 Magic Dart               Conj           64%        1d6       9%          1
 Searing Ray              Conj           32%        2d5       14%         2
 Foxfire                  Conj/Fire      36%        2x1d5     21%         1
 Airstrike                Air            13%        N/A       24%         4
 Freeze                   Ice            12%        1d4       43%         1
 Conjure Flame            Conj/Fire      9%         6-21      52%         3
 Sublimation of Blood     Necr           3%         N/A       56%         2
 Wereblood                Tmut           3%         N/A       56%         2
 Frozen Ramparts          Ice            6%         1d2       80%         3
 Inner Flame              Hex/Fire       3%         N/A       80%         3
 Flame Wave               Conj/Fire      9%         2d5       90%         4
 Fulminant Prism          Conj/Hex       4%         3d6       90%         4
 Hailstorm                Conj/Ice       9%         3d4       90%         4
 Iskenderun's Battlesphe  Conj           16%        2d7       94%         5
 Petrify                  Tmut/Erth      3%         N/A       99%         4
 Irradiate                Conj/Tmut      4%         3d14      99%         5
 Iron Shot                Conj/Erth      4%         9d2       100%        6
 Spellforged Servitor     Conj/Summ      Unusable   N/A       N/A         7
 Summon Hydra             Summ           Unusable   N/A       N/A         7

Dungeon Overview and Level Annotations

Branches:
Dungeon (6/15)             Temple (1/1) D:5

Altars:
Elyvilon
Kikubaaqudgha
Makhleb
Okawaru
Ru
Wu Jian


Innate Abilities, Weirdness & Mutations

You have a beak for a mouth.
You have claws for feet.
Your magical nature lets you fly swiftly and evasively.


Message History

Aim: a two-headed ogre, wielding two +0 giant clubs (heavily wounded, lightly drained, 88% to hit)
The zap hits the two-headed ogre.
The two-headed ogre is heavily wounded.
You start to feel a little slower.
There is an open door here.
Casting: Shock (safe; 4% risk of failure)
Confirm with . or Enter, or press ? or * to list all spells.
Aiming: Shock (safe; 4% risk of failure)
Press: ? - help, Shift-Dir - straight line, f/p - two-headed ogre
Aim: a two-headed ogre, wielding two +0 giant clubs (heavily wounded, lightly drained, 88% to hit)
The zap misses the two-headed ogre.
Casting: Shock (safe; 4% risk of failure)
Confirm with . or Enter, or press ? or * to list all spells.
Okay, then.
Casting: Shock (safe; 4% risk of failure)
Confirm with . or Enter, or press ? or * to list all spells.
Aiming: Shock (safe; 4% risk of failure)
Press: ? - help, Shift-Dir - straight line, f/p - two-headed ogre
Aim: a two-headed ogre, wielding two +0 giant clubs (heavily wounded, lightly drained, 88% to hit)
The zap misses the two-headed ogre.
You feel sluggish.
Casting: Shock (safe; 4% risk of failure)
Confirm with . or Enter, or press ? or * to list all spells.
Aiming: Shock (safe; 4% risk of failure)
Press: ? - help, Shift-Dir - straight line, f/p - two-headed ogre
Aim: a two-headed ogre, wielding two +0 giant clubs (heavily wounded, lightly drained, 88% to hit)
Okay, then.
The two-headed ogre attacks as you move away!
The two-headed ogre hits you with a +0 giant club!!
* * * LOW HITPOINT WARNING * * *
The two-headed ogre completely misses you.
The two-headed ogre seems less drained.
There is an escape hatch in the ceiling here.
Okay, then.
Okay, then.
Okay, then.
As you read the scroll of teleportation, it crumbles to dust.
You feel strangely unstable. The two-headed ogre barely misses you.
The two-headed ogre hits you with a +0 giant club!
You die...

.............#..#
.............#..#
..###'###....#..#
..#≈≈.≈≈#....#..#
..#≈#.#≈#.###...#
#.'.._..'.#
#..###
.##≈#.#≈###
#..<.# .##≈≈.≈≈#
#...O# #####'###
#...@# #####.#
#....# ..O...#
#....# .######
#....# ## #....#
######


You could see a two-headed ogre.

Vanquished Creatures
  Sigmund (D:5)
  Eustachio (D:5)
  Menkaure (D:5)
  An orc warrior (D:5)
  A phantom (D:4)
  A necrophage (D:5)
  2 jellies (D:5)
  2 orc priests
  5 hounds
  Crazy Yiuf (D:5)
  Jessica (D:3)
  An orc wizard (D:4)
  Robin (D:3)
  8 adders
  7 worms
  4 dart slugs
  18 orcs
  8 ball pythons
  6 endoplasms
  3 giant cockroaches
  17 goblins
  9 hobgoblins
  4 quokkas
  5 bats
  3 frilled lizards
  8 kobolds
  3 rats
122 creatures vanquished.

Vanquished Creatures (collateral kills)
  Terence (D:2)
1 creature vanquished.

Vanquished Creatures (others)
  A plant (D:3)
1 creature vanquished.

Grand Total: 124 creatures vanquished

Notes
Turn   | Place    | Note
-------+----------+-------------------------------------------
     0 | D:1      | wingedge the Tengu Air Elementalist began the quest for the
                  | Orb.
     0 | D:1      | Reached XP level 1. HP: 10/10 MP: 4/4
   305 | D:1      | Reached XP level 2. HP: 15/15 MP: 3/6
   608 | D:1      | Found a faded altar of an unknown god.
  1210 | D:2      | Reached XP level 3. HP: 20/20 MP: 5/7
  1339 | D:2      | Found a sacrificial altar of Ru.
  1865 | D:2      | Noticed Terence
  1886 | D:2      | Killed Terence
  1887 | D:2      | Reached skill level 1 in Fighting
  1887 | D:2      | Reached XP level 4. HP: 14/25 MP: 1/8
  2729 | D:3      | Noticed Jessica
  2732 | D:3      | Killed Jessica
  2733 | D:3      | Reached skill level 1 in Armour
  2782 | D:3      | Learned a level 2 spell: Static Discharge
  3020 | D:3      | Gained mutation: Your magical nature lets you fly swiftly
                  | and evasively. [Tengu growth]
  3020 | D:3      | Reached XP level 5. HP: 29/29 MP: 4/9
  3276 | D:3      | Found an ornate altar of the Wu Jian Council.
  3322 | D:3      | Reached skill level 5 in Air Magic
  3439 | D:3      | Identified the +7 mace of Yqunox {drain, *Slow rF+ rC+++
                  | SInv}
  4015 | D:3      | Noticed Robin
  4020 | D:3      | Killed Robin
  4275 | D:4      | Reached XP level 6. HP: 35/35 MP: 4/11
  4453 | D:4      | Reached skill level 1 in Maces & Flails
  5255 | D:4      | Reached XP level 7. HP: 40/40 MP: 12/12
  5566 | D:5      | Entered Level 5 of the Dungeon
  5576 | D:5      | Reached skill level 6 in Air Magic
  5766 | D:5      | Found a staircase to the Ecumenical Temple.
  5796 | Temple   | Entered the Ecumenical Temple
  5806 | Temple   | Became a worshipper of Warmaster Okawaru
  5867 | D:5      | Found an ancient bone altar of Kikubaaqudgha.
  5961 | D:5      | Noticed Sigmund
  5992 | D:5      | Killed Sigmund
  5992 | D:5      | Reached * piety under Okawaru
  6065 | D:5      | Reached XP level 8. HP: 45/45 MP: 10/13
  6109 | D:5      | Reached skill level 1 in Invocations
  6162 | D:5      | Found a runed translucent door.
  6163 | D:5      | Noticed Crazy Yiuf
  6168 | D:5      | Killed Crazy Yiuf
  6367 | D:5      | Noticed Eustachio
  6416 | D:5      | Killed Eustachio
  6427 | D:5      | Reached skill level 7 in Air Magic
  6629 | D:5      | Learned a level 3 spell: Swiftness
  6634 | D:5      | Identified the +3 cloak of the Marlin {Drain rPois SInv}
  6732 | D:5      | Noticed Menkaure
  6742 | D:5      | Killed Menkaure
  7218 | D:6      | Found a burning altar of Makhleb.
  7286 | D:6      | Found a white marble altar of Elyvilon.
  7286 | D:6      | Noticed a two-headed ogre
  7322 | D:6      | Mangled by a two-headed ogre

Illustrated notes

Levels and vault maps discovered:
D:1:      mainiacjoe_arrival_reflecting_pool, layout_loops_ring,
          ebering_ecumenical_altar_petrified, serial_bayou_pond_e
D:2:      layout_basic, basic_altar, uniq_terence
D:3:      minmay_inner_zag, layout_loops_ring, general_overflow_altar,
          chequers_serial_rivers_micro_c, minmay_misc_feat_plants, uniq_robin,
          uniq_jessica
D:4:      layout_cave_pods, serial_glass, glass_columns_a, glass_columns_b,
          minmay_fractal_squares_diagonal_5
D:5:      layout_loops_corners, mainiacjoe_overflow_brackets,
          minmay_temple_entry_waves, minmay_door_square, uniq_menkaure,
          uniq_eustachio, uniq_crazy_yiuf_cottage, uniq_sigmund
D:6:      layout_gridville, kennysheep_little_box, lemuel_doored_altar,
          amcnicky_mini_rare_corridor_liquid, hangedman_feature_mirror,
          corexii_corridor_pit
Temple:   bh_familiar_temple

Skill      XL: |  1  2  3  4  5  6  7  8 |
---------------+-------------------------+-----
Conjurations   | 2 3 4 |  4.0
Fighting       | 1 2 3 |  3.0
Armour         | 1 2 3 4 |  4.2
Air Magic      | 5 6 7 |  7.2
Dodging        | 3 |  3.1
Maces & Flails | 1 3 4 |  4.0
Stealth        | 3 |  3.0
Spellcasting   | 3 |  3.6
Invocations    | 1 |  1.6

Action                   |  1- 3 |  4- 6 |  7- 9 || total
-------------------------+-------+-------+-------++-------
Melee: Short sword       |    12 |     6 |       ||    18
       Kick              |     1 |     8 |    10 ||    19
       Peck              |     1 |       |     2 ||     3
       Mace              |       |    46 |    39 ||    85
       Dagger            |       |     3 |       ||     3
       Punch             |       |     1 |       ||     1
 Cast: Shock             |    82 |   115 |    39 ||   236
       Static Discharge  |       |     3 |     3 ||     6
       Swiftness         |       |       |     1 ||     1
Evoke: Wand              |       |       |     3 ||     3
  Use: Scroll            |     2 |     8 |     2 ||    12
       Potion            |       |       |     3 ||     3
 Stab: Sleeping          |     2 |       |       ||     2
Armor: Robe              |     2 |     3 |       ||     5
       Ring mail         |       |     9 |    21 ||    30
Dodge: Dodged            |    13 |    50 |    68 ||   131

Table legend: (Time is in decaauts)
 A = Elapsed time spent in this place.
 B = Non-inter-level travel time spent in this place.
 C = Inter-level travel time spent in this place.
 D = Time resting spent in this place.
 E = Time spent auto-exploring this place.
 F = Levels seen in this place.
 G = Mean time per level.
                   A        B        C        D        E       F      G
               +--------+--------+--------+--------+--------+-----+--------+
         Total |   7109 |   6890 |    219 |   1861 |   3776 |   7 | 1015.6 |
       Dungeon |   7092 |   6873 |    219 |   1861 |   3770 |   6 | 1182.0 |
        Temple |     17 |     17 |      0 |      0 |      5 |   1 |   17.0 |
               +--------+--------+--------+--------+--------+-----+--------+

Top non-repeatable levels by time:
     D:5: 1549 daAuts
     D:3: 1537 daAuts
     D:2: 1529 daAuts
     D:4: 1259 daAuts
     D:1: 1117 daAuts
     D:6: 100 daAuts
  Temple: 17 daAuts
